 Dungeon Crawl Stone Soup version 0.29.0-4-gdea44cf6ec (webtiles) character file.

Game seed: 10262059398219174049

49951 qw the Brawler (level 14, -7/140 HPs)
             Began as a Troll Cinder Acolyte on Aug 31, 2022.
             Was a Priest of Okawaru.
             Mangled by an eight-headed hydra (10 damage)
             ... anointed by Ignis
             ... on level 11 of the Dungeon.
             The game lasted 00:08:29 (14522 turns).

qw the Brawler (Troll Cinder Acolyte)              Turns: 14522, Time: 00:08:29

Health: -7/140     AC: 27    Str: 33    XL:     14   Next: 17%
Magic:  14/16      EV:  8    Int: 10    God:    Okawaru [***...]
Gold:   792        SH: 13    Dex:  5    Spells: 15/15 levels left

rFire   . . .      SeeInvis .     - Unarmed
rCold   + . .      Faith    .   k - +0 kite shield
rNeg    . . .      Spirit   .   m - +8 gold dragon scales of Pride {Fly rPois rF+ rC+ rCorr Str+4}
rPois   +          Reflect  +   h - +1 hat {Stlth+}
rElec   .          Harm     .   (no cloak)
rCorr   +          Rampage  .   (gloves unavailable)
Will    +....                   (boots unavailable)
Stlth   ..........              p - amulet of reflection
HPRegen 1.13/turn               a - +4 ring of slaying {mikee}
MPRegen 0.15/turn               l - +4 ring of evasion

@: about to teleport, heroic, flying, fire susceptible
A: large, unfitting armour, claws 3, regeneration 1, shaggy fur 1, tough skin 1
a: Renounce Religion, Heroism


You were on level 11 of the Dungeon.
You worshipped Okawaru.
Okawaru was most pleased with you.
You visited 3 branches of the dungeon, and saw 17 of its levels.

You collected 961 gold pieces.
You spent 169 gold pieces at shops.


Innate Abilities, Weirdness & Mutations

You are too large for most types of armour.
You have claws for hands.
Your natural rate of healing is unusually fast.
You are covered in fur. (AC +1)
You have tough skin. (AC +1)


   Skills:
 - Level 9.0(14.0) Fighting
 - Level 5.6(10.6) Throwing
 - Level 4.0(9.0) Armour
 - Level 2.2(7.2) Dodging
 + Level 1.4(6.4) Shields
 - Level 20.4(25.4) Unarmed Combat
 - Level 1.0 Spellcasting
 - Level 2.1 Fire Magic
 - Level 4.0 Invocations


You had 15 spell levels left.
You didn't know any spells.
Your spell library contained the following spells:

 Spells                   Type           Power      Damage    Failure   Level
 Scorch                   Fire           8%         2d5       100%        2

Inventory:

Missiles
 e - 3 boomerangs
 f - 2 silver boomerangs (quivered)
 o - a javelin
Armour
 h - a +1 hat of stealth (worn)
 k - a +0 kite shield (worn)
 m - the +8 gold dragon scales of Pride (worn) {Fly rPois rF+ rC+ rCorr Str+4}
   (You acquired it on level 9 of the Dungeon)

   Str:       It affects your strength (+4).
   rF:        It protects you from fire.
   rC:        It protects you from cold.
   rPois:     It protects you from poison.
   Fly:       It grants you flight.
   rCorr:     It protects you from acid and corrosion.
Jewellery
 a - a +4 ring of slaying (left claw) {mikee}
 l - a +4 ring of evasion (right claw)
 p - an amulet of reflection (around neck)
Scrolls
 b - 4 scrolls of teleportation
 i - 9 scrolls of identify
Potions
 c - 2 potions of haste
 d - 2 potions of curing
 g - a potion of magic
 j - 2 potions of might
 n - 2 potions of heal wounds

Dungeon Overview and Level Annotations

Branches:
Dungeon (11/15)            Temple (1/1) D:7            Lair (5/5) D:8
 Shoals (0/4) Lair:2        Snake (0/4) Lair:2        Slime (0/5) Lair:4
    Orc (0/2) D:9

Altars:
Dithmenos
Elyvilon
Fedhas
Gozag
Kikubaaqudgha
Okawaru
Qazlal
Ru
Sif Muna
Trog
Vehumet
Wu Jian
Xom
Yredelemnul
Jiyva
Lugonu

Shops:
D:2 *   D:6 ?

Portals:
Abyss: D:4 Lair:5

Annotations:
D:4 4 transporters, qw's ghost, novice TeWr
Lair:5 2 transporters, qw's ghost, journeyman TrCA


Message History

You gain the combat prowess of a mighty hero.
You block the eight-headed hydra's attack.
The eight-headed hydra bites you!
The eight-headed hydra bites you but does no damage. x3
You block the eight-headed hydra's attack. x2
The eight-headed hydra barely misses you.
The shadow hits you.
The howler monkey hoots and howls with incredible vigour!
The two-headed ogre barely misses you.
The two-headed ogre hits you with a +0 giant club!!
You hear a roar!
You hear an angry hiss.
Ignis anoints the eight-headed hydra as an instrument of vengeance!
The eight-headed hydra is coated in flames, covering ground quickly and attacking fiercely!
14521 ||| Stepping ~*~*~tactically~*~*~ (outnumbered).
The eight-headed hydra attacks as you move away!
The eight-headed hydra barely misses you.
The eight-headed hydra bites you but does no damage.
You block the eight-headed hydra's attack. x2
The eight-headed hydra bites you but does no damage.
The eight-headed hydra bites you.
You are engulfed in flames!!
You block the eight-headed hydra's attack.
The eight-headed hydra completely misses you.
The eight-headed hydra bites you but does no damage. x2
The eight-headed hydra bites you.
You are engulfed in flames!
The eight-headed hydra bites you but does no damage. x2
The eight-headed hydra barely misses you.
The eight-headed hydra bites you!
You are engulfed in flames!!
The eight-headed hydra barely misses you.
14522 ||| READING 5 scrolls of teleportation.
As you read the scroll of teleportation, it crumbles to dust.
You feel strangely unstable. You block the shadow's attack.
The eight-headed hydra bites you!
You are engulfed in flames!!
The eight-headed hydra bites you but does no damage.
You block the eight-headed hydra's attack.
The eight-headed hydra barely misses you.
The eight-headed hydra bites you but does no damage.
You block the eight-headed hydra's attack.
The eight-headed hydra bites you!
You die...

#.# #.# #
#.# .##
#?#####...
##.....$.#
........#
#.......#
#@O.....#
#DW.....#
#h......#
#......>#
..........
###########


You could see an eight-headed hydra (flame-wreathed), a two-headed ogre, a
shadow and a howler monkey.

Vanquished Creatures
  2 two-headed ogres
  10 death yaks (Lair:5)
  Urug (Lair:1)
  4 thrashing horrors (Lair:5)
  Amaemon (D:8)
  Pikel (D:5)
  3 ugly things (Lair:5)
  4 black mambas
  8 elephants
  An orange demon (D:8)
  A torpor snail (Lair:4)
  2 smoke demons (Lair:5)
  7 cane toads
  Maggie (D:7)
  A rime drake (Lair:5)
  6 komodo dragons
  A troll (D:9)
  An ancient zyme (Lair:5)
  7 polar bears
  Prince Ribbit (D:8)
  A dream sheep (shapeshifter) (Lair:5)
  16 dream sheep (Lair:3)
  28 blink frogs
  A snapping turtle (Lair:2)
  2 ynoxinuls (Lair:5)
  A spriggan (Lair:5)
  A wraith (D:9)
  A wyvern (D:10)
  A chaos spawn (Lair:5)
  10 fire elementals
  47 yaks
  A large abomination (Lair:5)
  A steam dragon (Lair:2)
  Grum (D:8)
  6 basilisks
  2 acid dragons (D:9)
  2 nagas (Lair:2)
  12 water moccasins
  5 orc warriors (D:9)
  An ice beast (D:7)
  A sky beast (D:8)
  7 ogres
  10 small abominations (Lair:5)
  14 wolves
  2 centaurs (D:8)
  A lemure (D:5)
  15 bullfrogs
  4 gnoll sergeants (D:9)
  3 kobold brigands (D:9)
  A necrophage (D:5)
  A scorpion (D:4)
  32 killer bees
  2 howler monkeys
  7 jellies
  5 hounds
  8 orc priests
  3 iguanas
  Natasha (thrice) (D:2)
  10 orc wizards
  10 gnolls
  7 adders
  A shadow imp (D:6)
  An ufetubus (D:6)
  3 worms
  4 dart slugs
  50 orcs
  7 ball pythons
  3 bats
  4 endoplasms
  6 giant cockroaches
  4 goblins
  2 hobgoblins (D:3)
  5 jackals (D:4)
  3 frilled lizards (D:1)
  9 kobolds
  3 rats
454 creatures vanquished.

Vanquished Creatures (others)
  A kobold brigand (D:6)
  A kobold (D:4)
  14 fungi
  25 plants
  3 toadstools (D:1)
44 creatures vanquished.

Grand Total: 498 creatures vanquished

Notes
Turn   | Place    | Note
-------+----------+-------------------------------------------
     0 | D:1      | qw the Troll Cinder Acolyte began the quest for the Orb.
     0 | D:1      | Reached XP level 1. HP: 22/22 MP: 1/1
     0 | D:1      | 0 ||| qw: Version: 0.1-a-97-g2dd2ca4
     0 | D:1      | 0 ||| qw: Game counter: 4542
     0 | D:1      | 0 ||| qw: Always use a shield: true
     0 | D:1      | 0 ||| qw: God list: Okawaru
     0 | D:1      | 0 ||| qw: Allow faded altars: false
     0 | D:1      | 0 ||| qw: Do Orc after D:15 true
     0 | D:1      | 0 ||| qw: Do second Lair branch before Depths: true
     0 | D:1      | 0 ||| qw: Lair rune preference: random
     0 | D:1      | 0 ||| qw: Plans: Normal
     0 | D:1      | 0 ||| PLANNING D:1-11
   399 | D:1      | Reached XP level 2. HP: 29/29 MP: 2/2
   461 | D:1      | 461 ||| Stepping ~*~*~tactically~*~*~ (stealth).
   462 | D:1      | 462 ||| Stepping ~*~*~tactically~*~*~ (stealth).
   463 | D:1      | 463 ||| Stepping ~*~*~tactically~*~*~ (stealth).
   748 | D:1      | 748 ||| UPGRADING to ring of willpower.
   749 | D:1      | 749 ||| READING 2 scrolls labelled TUN AKLAMOADE.
   754 | D:1      | 754 ||| READING scroll labelled VASIF EGGUON.
   755 | D:1      | 755 ||| DRINKING 2 red potions.
   756 | D:1      | 756 ||| DROPPING potion of attraction.
   808 | D:2      | 808 ||| Stepping ~*~*~tactically~*~*~ (stealth).
   814 | D:2      | 814 ||| Stepping ~*~*~tactically~*~*~ (stealth).
   818 | D:2      | Reached skill level 4 in Unarmed Combat
   861 | D:2      | Found a faded altar of an unknown god.
   932 | D:2      | Noticed Natasha
   934 | D:2      | Killed Natasha
   935 | D:2      | Reached XP level 3. HP: 28/36 MP: 3/3
  1001 | D:2      | Reached skill level 5 in Unarmed Combat
  1001 | D:2      | Reached XP level 4. HP: 42/44 MP: 4/4
  1003 | D:2      | Noticed an ogre
  1013 | D:2      | Killed an ogre
  1014 | D:2      | Reached skill level 6 in Unarmed Combat
  1014 | D:2      | Reached XP level 5. HP: 39/50 MP: 5/5
  1071 | D:2      | Noticed Natasha
  1072 | D:2      | 1072 ||| Stepping ~*~*~tactically~*~*~ (stealth).
  1073 | D:2      | 1073 ||| Stepping ~*~*~tactically~*~*~ (stealth).
  1084 | D:2      | Killed Natasha
  1117 | D:2      | Noticed Natasha
  1124 | D:2      | Killed Natasha
  1138 | D:2      | Found Loutz's General Store.
  1229 | D:2      | 1229 ||| DRINKING 2 smoky green potions.
  1274 | D:2      | 1274 ||| DROPPING potion of lignification.
  1992 | D:3      | 1992 ||| Stepping ~*~*~tactically~*~*~ (hiding).
  1997 | D:3      | Reached skill level 1 in Throwing
  2134 | D:3      | 2134 ||| UPGRADING to amulet of guardian spirit.
  2139 | D:3      | 2139 ||| DROPPING amulet of magic regeneration.
  2140 | D:3      | 2140 ||| UPGRADING to amulet of reflection.
  2150 | D:3      | 2150 ||| DROPPING amulet of guardian spirit.
  2151 | D:3      | 2151 ||| READING scroll labelled WOMPAR ASTYFF.
  2176 | D:3      | 2176 ||| READING scroll labelled DIREANOSTRA.
  2177 | D:3      | 2177 ||| READING scroll labelled ITAMAE SAVE.
  2178 | D:3      | 2178 ||| READING scroll labelled ENOTTIAN GUS.
  2179 | D:3      | 2179 ||| DRINKING 2 metallic orange potions.
  2220 | D:4      | Found a one-way gate to the infinite horrors of the Abyss.
  2220 | D:4      | Noticed qw's ghost (novice TeWr)
  2254 | D:4      | 2254 ||| Stepping ~*~*~tactically~*~*~ (outnumbered).
  2257 | D:4      | 2257 ||| Stepping ~*~*~tactically~*~*~ (hiding).
  2268 | D:4      | Reached XP level 6. HP: 43/59 MP: 6/6
  2275 | D:4      | 2275 ||| FLEEEEING.
  2278 | D:4      | 2278 ||| FLEEEEING.
  2282 | D:4      | 2282 ||| Stepping ~*~*~tactically~*~*~ (stealth).
  2306 | D:4      | 2306 ||| FLEEEEING.
  2307 | D:4      | 2307 ||| FLEEEEING.
  2309 | D:4      | 2309 ||| FLEEEEING.
  2310 | D:4      | 2310 ||| FLEEEEING.
  2311 | D:4      | Noticed a small abomination
  2329 | D:4      | Reached skill level 7 in Unarmed Combat
  2332 | D:4      | 2332 ||| FLEEEEING.
  2405 | D:4      | 2405 ||| Stepping ~*~*~tactically~*~*~ (hiding).
  2572 | D:4      | Found a transporter.
  2581 | D:4      | 2581 ||| Stepping ~*~*~tactically~*~*~ (stealth).
  2596 | D:4      | 2596 ||| Stepping ~*~*~tactically~*~*~ (stealth).
  2602 | D:4      | Found a sacrificial altar of Ru.
  2604 | D:4      | Found a transporter.
  2613 | D:4      | Found a transporter.
  2617 | D:4      | 2617 ||| READING scroll labelled KIZEER EXKOERI.
  2618 | D:4      | 2618 ||| READING scroll of teleportation.
  2620 | D:4      | Found a radiant altar of Vehumet.
  2804 | D:4      | Found a transporter.
  2917 | D:4      | Found an ornate altar of the Wu Jian Council.
  3086 | D:4      | 3086 ||| READING scroll labelled BIXTETT LAHURIEDGH.
  3087 | D:4      | 3087 ||| READING scroll labelled ZYT JIGESEKATI.
  3088 | D:4      | 3088 ||| DRINKING 2 metallic puce potions.
  3089 | D:4      | 3089 ||| DROPPING potion of brilliance.
  3103 | D:5      | Entered Level 5 of the Dungeon
  3291 | D:5      | Noticed a water moccasin
  3298 | D:5      | Killed a water moccasin
  3299 | D:5      | Reached XP level 7. HP: 56/66 MP: 7/7
  3340 | D:5      | Noticed Pikel
  3344 | D:5      | 3344 ||| Stepping ~*~*~tactically~*~*~ (stealth).
  3346 | D:5      | 3346 ||| Stepping ~*~*~tactically~*~*~ (stealth).
  3352 | D:5      | 3352 ||| Stepping ~*~*~tactically~*~*~ (stealth).
  3356 | D:5      | Killed Pikel
  3357 | D:5      | Reached skill level 9 in Unarmed Combat
  3357 | D:5      | Reached XP level 8. HP: 67/74 MP: 8/8
  3381 | D:5      | 3381 ||| Stepping ~*~*~tactically~*~*~ (stealth).
  3588 | D:5      | Reached skill level 3 in Fighting
  3950 | D:5      | 3950 ||| DROPPING ring of magical power.
  3951 | D:5      | 3951 ||| READING scroll labelled SUROAG MIMNINEAR.
  3952 | D:5      | 3952 ||| READING scroll labelled ODUBUR PALI.
  3953 | D:5      | 3953 ||| READING scroll labelled HANAANG TUYSI.
  3954 | D:5      | 3954 ||| Stepping randomly (stuck).
  3955 | D:5      | 3955 ||| Stepping randomly (stuck).
  3956 | D:5      | 3956 ||| Stepping randomly (stuck).
  3992 | D:6      | 3992 ||| Stepping ~*~*~tactically~*~*~ (hiding).
  4003 | D:6      | Reached skill level 1 in Dodging
  4012 | D:6      | 4012 ||| Stepping ~*~*~tactically~*~*~ (stealth).
  4021 | D:6      | 4021 ||| Stepping ~*~*~tactically~*~*~ (hiding).
  4076 | D:6      | Found Keovvewn's Magic Scroll Boutique.
  4083 | D:6      | 4083 ||| BUYING 3 scrolls of identify (78 gold).
  4083 | D:6      | Bought 3 scrolls of identify for 78 gold pieces
  4083 | D:6      | 4083 ||| BUYING scroll of identify (26 gold).
  4083 | D:6      | Bought a scroll of identify for 26 gold pieces
  4083 | D:6      | 4083 ||| BUYING scroll of identify (26 gold).
  4083 | D:6      | Bought a scroll of identify for 26 gold pieces
  4083 | D:6      | 4083 ||| BUYING scroll of teleportation (39 gold).
  4083 | D:6      | Bought a scroll of teleportation for 39 gold pieces
  4145 | D:6      | Reached skill level 10 in Unarmed Combat
  4146 | D:6      | 4146 ||| Stepping ~*~*~tactically~*~*~ (stealth).
  4170 | D:6      | Found a shimmering altar of Xom.
  4274 | D:6      | 4274 ||| Stepping ~*~*~tactically~*~*~ (outnumbered).
  4275 | D:6      | 4275 ||| Stepping ~*~*~tactically~*~*~ (outnumbered).
  4276 | D:6      | 4276 ||| Stepping ~*~*~tactically~*~*~ (outnumbered).
  4277 | D:6      | 4277 ||| Stepping ~*~*~tactically~*~*~ (outnumbered).
  4278 | D:6      | 4278 ||| Stepping ~*~*~tactically~*~*~ (outnumbered).
  4282 | D:6      | 4282 ||| Stepping ~*~*~tactically~*~*~ (outnumbered).
  4283 | D:6      | 4283 ||| Stepping ~*~*~tactically~*~*~ (outnumbered).
  4284 | D:6      | 4284 ||| Stepping ~*~*~tactically~*~*~ (outnumbered).
  4285 | D:6      | 4285 ||| Stepping ~*~*~tactically~*~*~ (outnumbered).
  4288 | D:6      | 4288 ||| INVOKING Fiery Armour.
  4291 | D:6      | 4291 ||| Stepping ~*~*~tactically~*~*~ (outnumbered).
  4292 | D:6      | 4292 ||| Stepping ~*~*~tactically~*~*~ (outnumbered).
  4292 | D:6      | HP: 17/75 [gnoll/+0 halberd (2)]
  4293 | D:6      | 4293 ||| READING scroll of teleportation.
  4293 | D:6      | HP: 3/75 [gnoll/+0 halberd (10)]
  4294 | D:6      | 4294 ||| Stepping ~*~*~tactically~*~*~ (outnumbered).
  4295 | D:6      | 4295 ||| Stepping ~*~*~tactically~*~*~ (outnumbered).
  4349 | D:6      | 4349 ||| FLEEEEING.
  4350 | D:6      | 4350 ||| FLEEEEING.
  4351 | D:6      | 4351 ||| STAIRDANCE
  4366 | D:5      | 4366 ||| READING 6 scrolls of identify.
  4366 | D:5      | 4366 ||| IDENTIFYING amethyst potion
  4367 | D:5      | 4367 ||| READING 5 scrolls of identify.
  4367 | D:5      | 4367 ||| IDENTIFYING glowing coppery potion
  4368 | D:5      | 4368 ||| READING 4 scrolls of identify.
  4368 | D:5      | 4368 ||| IDENTIFYING sedimented dark potion
  4369 | D:5      | 4369 ||| READING 3 scrolls of identify.
  4369 | D:5      | 4369 ||| IDENTIFYING fuming brown potion
  4370 | D:5      | 4370 ||| READING 2 scrolls of identify.
  4370 | D:5      | 4370 ||| IDENTIFYING fizzy inky potion
  4371 | D:5      | 4371 ||| DROPPING potion of magic.
  4372 | D:5      | 4372 ||| DROPPING potion of flight.
  4373 | D:5      | 4373 ||| DROPPING potion of degeneration.
  4374 | D:5      | 4374 ||| DROPPING potion of invisibility.
  4440 | D:6      | 4440 ||| FLEEEEING.
  4441 | D:6      | 4441 ||| FLEEEEING.
  4442 | D:6      | 4442 ||| FLEEEEING.
  4443 | D:6      | 4443 ||| FLEEEEING.
  4444 | D:6      | 4444 ||| FLEEEEING.
  4445 | D:6      | 4445 ||| FLEEEEING.
  4466 | D:6      | 4466 ||| Stepping ~*~*~tactically~*~*~ (stealth).
  4624 | D:7      | Noticed Maggie
  4633 | D:7      | Reached skill level 3 in Throwing
  4642 | D:7      | 4642 ||| INVOKING Fiery Armour.
  4643 | D:7      | Killed Maggie
  4735 | D:7      | Found a bloodstained altar of Trog.
  4772 | D:7      | 4772 ||| Stepping ~*~*~tactically~*~*~ (stealth).
  4775 | D:7      | 4775 ||| Stepping ~*~*~tactically~*~*~ (stealth).
  4777 | D:7      | Reached XP level 9. HP: 85/85 MP: 9/9
  4792 | D:7      | Reached skill level 11 in Unarmed Combat
  5135 | D:7      | 5135 ||| Stepping ~*~*~tactically~*~*~ (stealth).
  5202 | D:7      | Found a staircase to the Ecumenical Temple.
  5316 | D:7      | 5316 ||| UPGRADING to +0 swamp dragon scales.
  5326 | D:7      | 5326 ||| DROPPING +0 robe.
  5327 | D:7      | 5327 ||| READING scroll of enchant armour.
  5327 | D:7      | 5327 ||| ENCHANTING +0 swamp dragon scales.
  5328 | D:7      | 5328 ||| UPGRADING to +4 ring of evasion.
  5329 | D:7      | 5329 ||| READING 2 scrolls of identify.
  5329 | D:7      | 5329 ||| IDENTIFYING lumpy black potion
  5345 | D:8      | 5345 ||| STAIRDANCE
  5357 | D:8      | Found a staircase to the Lair.
  5378 | D:8      | Noticed Grum
  5379 | D:8      | 5379 ||| INVOKING Fiery Armour.
  5387 | D:8      | Reached skill level 1 in Armour
  5392 | D:8      | Killed Grum
  5422 | D:8      | Reached skill level 12 in Unarmed Combat
  5446 | D:8      | Noticed Amaemon
  5447 | D:8      | 5447 ||| Stepping ~*~*~tactically~*~*~ (hiding).
  5451 | D:8      | Noticed an orange demon
  5456 | D:8      | Killed Amaemon
  5461 | D:8      | Killed an orange demon
  5462 | D:8      | Reached XP level 10. HP: 98/98 MP: 10/10
  5484 | D:8      | 5484 ||| Stepping ~*~*~tactically~*~*~ (stealth).
  5731 | D:8      | 5731 ||| Stepping ~*~*~tactically~*~*~ (stealth).
  5790 | D:8      | Noticed Prince Ribbit
  5805 | D:8      | Killed Prince Ribbit
  5806 | D:8      | Reached skill level 13 in Unarmed Combat
  5996 | D:8      | 5996 ||| PLANNING LAIR
  5996 | D:8      | 5996 ||| UPGRADING to +1 hat of stealth.
  6021 | Lair:1   | Entered Level 1 of the Lair of Beasts
  6102 | Lair:1   | Noticed a cane toad
  6109 | Lair:1   | Killed a cane toad
  6117 | Lair:1   | 6117 ||| Stepping ~*~*~tactically~*~*~ (stealth).
  6298 | Lair:1   | Noticed a cane toad
  6305 | Lair:1   | Killed a cane toad
  6323 | Lair:1   | 6323 ||| READING scroll of enchant armour.
  6323 | Lair:1   | 6323 ||| ENCHANTING +1 swamp dragon scales.
  6384 | Lair:1   | Noticed Urug
  6385 | Lair:1   | 6385 ||| INVOKING Fiery Armour.
  6385 | Lair:1   | Noticed an elephant
  6386 | Lair:1   | Noticed an elephant
  6388 | Lair:1   | Noticed an elephant
  6390 | Lair:1   | Noticed an elephant
  6393 | Lair:1   | 6393 ||| Stepping ~*~*~tactically~*~*~ (outnumbered).
  6394 | Lair:1   | Killed an elephant
  6394 | Lair:1   | Noticed an elephant
  6395 | Lair:1   | Reached skill level 14 in Unarmed Combat
  6395 | Lair:1   | 6395 ||| Stepping ~*~*~tactically~*~*~ (stealth).
  6399 | Lair:1   | Killed Urug
  6400 | Lair:1   | Reached skill level 6 in Fighting
  6403 | Lair:1   | 6403 ||| Stepping ~*~*~tactically~*~*~ (outnumbered).
  6407 | Lair:1   | Killed an elephant
  6410 | Lair:1   | Killed an elephant
  6411 | Lair:1   | Reached XP level 11. HP: 95/107 MP: 11/11
  6718 | Lair:1   | 6718 ||| DRINKING 2 cyan potions.
  6719 | Lair:1   | 6719 ||| READING 3 scrolls of identify.
  6719 | Lair:1   | 6719 ||| IDENTIFYING fuming purple potion
  6720 | Lair:1   | 6720 ||| DROPPING potion of berserk rage.
  6741 | Lair:2   | 6741 ||| INVOKING Fiery Armour.
  6762 | Lair:2   | Reached skill level 15 in Unarmed Combat
  6806 | Lair:2   | Reached skill level 3 in Armour
  7049 | Lair:2   | Found a staircase to the Shoals.
  7129 | Lair:2   | 7129 ||| Stepping ~*~*~tactically~*~*~ (hiding).
  7231 | Lair:2   | 7231 ||| Stepping ~*~*~tactically~*~*~ (hiding).
  7333 | Lair:2   | 7333 ||| Stepping ~*~*~tactically~*~*~ (hiding).
  7507 | Lair:2   | 7507 ||| FLEEEEING.
  7508 | Lair:2   | 7508 ||| FLEEEEING.
  7509 | Lair:2   | 7509 ||| FLEEEEING.
  7510 | Lair:2   | 7510 ||| FLEEEEING.
  7511 | Lair:2   | 7511 ||| FLEEEEING.
  7512 | Lair:2   | 7512 ||| FLEEEEING.
  7513 | Lair:2   | 7513 ||| FLEEEEING.
  7514 | Lair:2   | 7514 ||| FLEEEEING.
  7515 | Lair:2   | 7515 ||| FLEEEEING.
  7516 | Lair:2   | 7516 ||| FLEEEEING.
  7517 | Lair:2   | 7517 ||| FLEEEEING.
  7525 | Lair:2   | Reached skill level 16 in Unarmed Combat
  7533 | Lair:2   | 7533 ||| Stepping ~*~*~tactically~*~*~ (outnumbered).
  7534 | Lair:2   | 7534 ||| Stepping ~*~*~tactically~*~*~ (outnumbered).
  7535 | Lair:2   | 7535 ||| Stepping ~*~*~tactically~*~*~ (outnumbered).
  7536 | Lair:2   | 7536 ||| Stepping ~*~*~tactically~*~*~ (outnumbered).
  7537 | Lair:2   | 7537 ||| Stepping ~*~*~tactically~*~*~ (outnumbered).
  7539 | Lair:2   | 7539 ||| Stepping ~*~*~tactically~*~*~ (outnumbered).
  7540 | Lair:2   | 7540 ||| Stepping ~*~*~tactically~*~*~ (outnumbered).
  7541 | Lair:2   | 7541 ||| Stepping ~*~*~tactically~*~*~ (outnumbered).
  7543 | Lair:2   | 7543 ||| Stepping ~*~*~tactically~*~*~ (outnumbered).
  7615 | Lair:2   | 7615 ||| Stepping ~*~*~tactically~*~*~ (stealth).
  7616 | Lair:2   | 7616 ||| Stepping ~*~*~tactically~*~*~ (hiding).
  7618 | Lair:2   | 7618 ||| INVOKING Fiery Armour.
  7711 | Lair:2   | Found a staircase to the Snake Pit.
  7965 | Lair:2   | 7965 ||| READING scroll labelled YSA LUIQEESCHA.
  7966 | Lair:2   | 7966 ||| READING scroll labelled BOZEJO GAJ LUM.
  8012 | Lair:3   | 8012 ||| INVOKING Fiery Armour.
  8016 | Lair:3   | 8016 ||| Stepping ~*~*~tactically~*~*~ (outnumbered).
  8023 | Lair:3   | 8023 ||| Stepping ~*~*~tactically~*~*~ (outnumbered).
  8025 | Lair:3   | Reached XP level 12. HP: 87/118 MP: 12/12
  8076 | Lair:3   | Reached skill level 17 in Unarmed Combat
  8141 | Lair:3   | 8141 ||| INVOKING Fiery Armour.
  8142 | Lair:3   | 8142 ||| Stepping ~*~*~tactically~*~*~ (outnumbered).
  8143 | Lair:3   | 8143 ||| Stepping ~*~*~tactically~*~*~ (outnumbered).
  8144 | Lair:3   | 8144 ||| Stepping ~*~*~tactically~*~*~ (outnumbered).
  8148 | Lair:3   | 8148 ||| Stepping ~*~*~tactically~*~*~ (stealth).
  8149 | Lair:3   | 8149 ||| Stepping ~*~*~tactically~*~*~ (stealth).
  8346 | Lair:3   | 8346 ||| Stepping ~*~*~tactically~*~*~ (stealth).
  8347 | Lair:3   | 8347 ||| Stepping ~*~*~tactically~*~*~ (stealth).
  8354 | Lair:3   | 8354 ||| Stepping ~*~*~tactically~*~*~ (stealth).
  8356 | Lair:3   | 8356 ||| Stepping ~*~*~tactically~*~*~ (stealth).
  8358 | Lair:3   | 8358 ||| Stepping ~*~*~tactically~*~*~ (stealth).
  8359 | Lair:3   | 8359 ||| Stepping ~*~*~tactically~*~*~ (stealth).
  8360 | Lair:3   | 8360 ||| Stepping ~*~*~tactically~*~*~ (stealth).
  8498 | Lair:3   | 8498 ||| Stepping ~*~*~tactically~*~*~ (hiding).
  8862 | Lair:3   | 8862 ||| Stepping ~*~*~tactically~*~*~ (stealth).
  8868 | Lair:3   | 8868 ||| Stepping ~*~*~tactically~*~*~ (outnumbered).
  8869 | Lair:3   | 8869 ||| Stepping ~*~*~tactically~*~*~ (outnumbered).
  8870 | Lair:3   | 8870 ||| Stepping ~*~*~tactically~*~*~ (stealth).
  8871 | Lair:3   | 8871 ||| Stepping ~*~*~tactically~*~*~ (stealth).
  8872 | Lair:3   | 8872 ||| Stepping ~*~*~tactically~*~*~ (stealth).
  8874 | Lair:3   | 8874 ||| Stepping ~*~*~tactically~*~*~ (stealth).
  8875 | Lair:3   | 8875 ||| Stepping ~*~*~tactically~*~*~ (stealth).
  8876 | Lair:3   | 8876 ||| Stepping ~*~*~tactically~*~*~ (stealth).
  8877 | Lair:3   | 8877 ||| Stepping ~*~*~tactically~*~*~ (stealth).
  8878 | Lair:3   | 8878 ||| Stepping ~*~*~tactically~*~*~ (outnumbered).
  8879 | Lair:3   | 8879 ||| Stepping ~*~*~tactically~*~*~ (outnumbered).
  8880 | Lair:3   | 8880 ||| Stepping ~*~*~tactically~*~*~ (outnumbered).
  8881 | Lair:3   | 8881 ||| Stepping ~*~*~tactically~*~*~ (outnumbered).
  8882 | Lair:3   | 8882 ||| Stepping ~*~*~tactically~*~*~ (outnumbered).
  8883 | Lair:3   | 8883 ||| Stepping ~*~*~tactically~*~*~ (outnumbered).
  8884 | Lair:3   | 8884 ||| Stepping ~*~*~tactically~*~*~ (outnumbered).
  8885 | Lair:3   | 8885 ||| Stepping ~*~*~tactically~*~*~ (outnumbered).
  8886 | Lair:3   | 8886 ||| Stepping ~*~*~tactically~*~*~ (outnumbered).
  8887 | Lair:3   | 8887 ||| Stepping ~*~*~tactically~*~*~ (outnumbered).
  8890 | Lair:3   | 8890 ||| Stepping ~*~*~tactically~*~*~ (outnumbered).
  8891 | Lair:3   | 8891 ||| Stepping ~*~*~tactically~*~*~ (outnumbered).
  8923 | Lair:3   | 8923 ||| Stepping ~*~*~tactically~*~*~ (stealth).
  8925 | Lair:3   | 8925 ||| INVOKING Fiery Armour.
  8926 | Lair:3   | 8926 ||| Stepping ~*~*~tactically~*~*~ (stealth).
  8933 | Lair:3   | 8933 ||| Stepping ~*~*~tactically~*~*~ (outnumbered).
  8934 | Lair:3   | 8934 ||| Stepping ~*~*~tactically~*~*~ (outnumbered).
  8935 | Lair:3   | 8935 ||| Stepping ~*~*~tactically~*~*~ (outnumbered).
  8936 | Lair:3   | 8936 ||| Stepping ~*~*~tactically~*~*~ (outnumbered).
  8937 | Lair:3   | 8937 ||| Stepping ~*~*~tactically~*~*~ (outnumbered).
  8938 | Lair:3   | 8938 ||| Stepping ~*~*~tactically~*~*~ (outnumbered).
  8939 | Lair:3   | 8939 ||| Stepping ~*~*~tactically~*~*~ (outnumbered).
  8940 | Lair:3   | 8940 ||| Stepping ~*~*~tactically~*~*~ (outnumbered).
  8941 | Lair:3   | 8941 ||| Stepping ~*~*~tactically~*~*~ (outnumbered).
  8942 | Lair:3   | 8942 ||| Stepping ~*~*~tactically~*~*~ (outnumbered).
  8943 | Lair:3   | 8943 ||| Stepping ~*~*~tactically~*~*~ (outnumbered).
  8944 | Lair:3   | 8944 ||| Stepping ~*~*~tactically~*~*~ (outnumbered).
  8945 | Lair:3   | 8945 ||| Stepping ~*~*~tactically~*~*~ (outnumbered).
  8946 | Lair:3   | 8946 ||| Stepping ~*~*~tactically~*~*~ (outnumbered).
  8948 | Lair:3   | 8948 ||| Stepping ~*~*~tactically~*~*~ (outnumbered).
  8949 | Lair:3   | 8949 ||| Stepping ~*~*~tactically~*~*~ (outnumbered).
  8995 | Lair:3   | Found a bloodstained altar of Trog.
  9114 | Lair:3   | 9114 ||| UPGRADING to +4 ring of slaying {mikee}.
  9116 | Lair:3   | 9116 ||| DROPPING ring of willpower.
  9175 | Lair:4   | Reached skill level 18 in Unarmed Combat
  9191 | Lair:4   | Identified the +0 dagger of Uskayaw's Pride {speed, +Blink
                  | Str+5 Int-5 SInv}
  9283 | Lair:4   | 9283 ||| INVOKING Fiery Armour.
  9297 | Lair:4   | 9297 ||| FLEEEEING.
  9298 | Lair:4   | 9298 ||| FLEEEEING.
  9299 | Lair:4   | 9299 ||| FLEEEEING.
  9300 | Lair:4   | 9300 ||| FLEEEEING.
  9301 | Lair:4   | 9301 ||| FLEEEEING.
  9302 | Lair:4   | 9302 ||| FLEEEEING.
  9303 | Lair:4   | 9303 ||| FLEEEEING.
  9323 | Lair:4   | Found a viscous altar of Jiyva.
  9325 | Lair:4   | Found a staircase to the Slime Pits.
  9462 | Lair:4   | 9462 ||| Stepping ~*~*~tactically~*~*~ (stealth).
  9469 | Lair:4   | 9469 ||| Stepping ~*~*~tactically~*~*~ (stealth).
  9522 | Lair:4   | 9522 ||| Stepping ~*~*~tactically~*~*~ (hiding).
 10139 | Lair:5   | Entered Level 5 of the Lair of Beasts
 10170 | Lair:5   | 10170 ||| Stepping ~*~*~tactically~*~*~ (outnumbered).
 10171 | Lair:5   | 10171 ||| Stepping ~*~*~tactically~*~*~ (outnumbered).
 10172 | Lair:5   | 10172 ||| Stepping ~*~*~tactically~*~*~ (outnumbered).
 10173 | Lair:5   | 10173 ||| Stepping ~*~*~tactically~*~*~ (outnumbered).
 10174 | Lair:5   | 10174 ||| Stepping ~*~*~tactically~*~*~ (outnumbered).
 10175 | Lair:5   | 10175 ||| Stepping ~*~*~tactically~*~*~ (outnumbered).
 10176 | Lair:5   | 10176 ||| Stepping ~*~*~tactically~*~*~ (outnumbered).
 10177 | Lair:5   | 10177 ||| STAIRDANCE
 10179 | Lair:4   | 10179 ||| Stepping ~*~*~tactically~*~*~ (outnumbered).
 10180 | Lair:4   | 10180 ||| Stepping ~*~*~tactically~*~*~ (outnumbered).
 10181 | Lair:4   | 10181 ||| Stepping ~*~*~tactically~*~*~ (outnumbered).
 10182 | Lair:4   | 10182 ||| Stepping ~*~*~tactically~*~*~ (outnumbered).
 10183 | Lair:4   | 10183 ||| Stepping ~*~*~tactically~*~*~ (outnumbered).
 10184 | Lair:4   | 10184 ||| Stepping ~*~*~tactically~*~*~ (outnumbered).
 10185 | Lair:4   | 10185 ||| Stepping ~*~*~tactically~*~*~ (outnumbered).
 10186 | Lair:4   | 10186 ||| Stepping ~*~*~tactically~*~*~ (outnumbered).
 10187 | Lair:4   | 10187 ||| Stepping ~*~*~tactically~*~*~ (outnumbered).
 10188 | Lair:4   | 10188 ||| Stepping ~*~*~tactically~*~*~ (outnumbered).
 10189 | Lair:4   | 10189 ||| Stepping ~*~*~tactically~*~*~ (outnumbered).
 10190 | Lair:4   | 10190 ||| Stepping ~*~*~tactically~*~*~ (outnumbered).
 10191 | Lair:4   | 10191 ||| Stepping ~*~*~tactically~*~*~ (outnumbered).
 10192 | Lair:4   | 10192 ||| Stepping ~*~*~tactically~*~*~ (outnumbered).
 10193 | Lair:4   | 10193 ||| Stepping ~*~*~tactically~*~*~ (outnumbered).
 10194 | Lair:4   | 10194 ||| Stepping ~*~*~tactically~*~*~ (outnumbered).
 10195 | Lair:4   | 10195 ||| Stepping ~*~*~tactically~*~*~ (outnumbered).
 10196 | Lair:4   | 10196 ||| Stepping ~*~*~tactically~*~*~ (outnumbered).
 10197 | Lair:4   | 10197 ||| Stepping ~*~*~tactically~*~*~ (outnumbered).
 10198 | Lair:4   | 10198 ||| Stepping ~*~*~tactically~*~*~ (outnumbered).
 10199 | Lair:4   | 10199 ||| Stepping ~*~*~tactically~*~*~ (outnumbered).
 10328 | Lair:5   | Noticed a death yak
 10329 | Lair:5   | 10329 ||| INVOKING Fiery Armour.
 10330 | Lair:5   | Noticed a death yak
 10331 | Lair:5   | Noticed a death yak
 10331 | Lair:5   | Noticed a death yak
 10331 | Lair:5   | Noticed a death yak
 10334 | Lair:5   | Killed a death yak
 10334 | Lair:5   | Noticed a death yak
 10338 | Lair:5   | 10338 ||| Stepping ~*~*~tactically~*~*~ (outnumbered).
 10339 | Lair:5   | 10339 ||| Stepping ~*~*~tactically~*~*~ (outnumbered).
 10342 | Lair:5   | 10342 ||| Stepping ~*~*~tactically~*~*~ (outnumbered).
 10343 | Lair:5   | 10343 ||| Stepping ~*~*~tactically~*~*~ (outnumbered).
 10344 | Lair:5   | Killed a death yak
 10345 | Lair:5   | Reached XP level 13. HP: 114/127 MP: 13/13
 10355 | Lair:5   | Reached skill level 19 in Unarmed Combat
 10452 | Lair:5   | 10452 ||| DRINKING potion of cancellation.
 10486 | Lair:5   | 10486 ||| INVOKING Fiery Armour.
 10492 | Lair:5   | 10492 ||| Stepping ~*~*~tactically~*~*~ (outnumbered).
 10493 | Lair:5   | 10493 ||| Stepping ~*~*~tactically~*~*~ (outnumbered).
 10494 | Lair:5   | 10494 ||| Stepping ~*~*~tactically~*~*~ (outnumbered).
 10495 | Lair:5   | 10495 ||| Stepping ~*~*~tactically~*~*~ (outnumbered).
 10621 | Lair:5   | 10621 ||| PLANNING TEMPLE
 10798 | Temple   | Entered the Ecumenical Temple
 10812 | Temple   | 10812 ||| PLANNING CONVERSION TO OKAWARU
 10817 | Temple   | Fell from the grace of Ignis
 10817 | Temple   | Became a worshipper of Warmaster Okawaru
 10818 | Temple   | 10818 ||| PLANNING LAIR
 11029 | Lair:5   | Reached skill level 9 in Fighting
 11034 | Lair:5   | 11034 ||| Stepping ~*~*~tactically~*~*~ (outnumbered).
 11035 | Lair:5   | 11035 ||| Stepping ~*~*~tactically~*~*~ (outnumbered).
 11039 | Lair:5   | Reached * piety under Okawaru
 11040 | Lair:5   | 11040 ||| INVOKING Heroism.
 11063 | Lair:5   | 11063 ||| INVOKING Heroism.
 11071 | Lair:5   | Reached skill level 1 in Invocations
 11089 | Lair:5   | 11089 ||| INVOKING Heroism.
 11152 | Lair:5   | 11152 ||| INVOKING Heroism.
 11174 | Lair:5   | 11174 ||| INVOKING Heroism.
 11212 | Lair:5   | Found a transporter.
 11236 | Lair:5   | Noticed qw's ghost (journeyman TrCA)
 11256 | Lair:5   | Found a bloodstained altar of Trog.
 11264 | Lair:5   | Found a transporter.
 11512 | Lair:5   | 11512 ||| Stepping ~*~*~tactically~*~*~ (hiding).
 11514 | Lair:5   | 11514 ||| INVOKING Heroism.
 11518 | Lair:5   | 11518 ||| Stepping ~*~*~tactically~*~*~ (outnumbered).
 11519 | Lair:5   | 11519 ||| Stepping ~*~*~tactically~*~*~ (outnumbered).
 11563 | Lair:5   | 11563 ||| Stepping ~*~*~tactically~*~*~ (hiding).
 11572 | Lair:5   | 11572 ||| INVOKING Heroism.
 11589 | Lair:5   | Reached skill level 3 in Invocations
 11593 | Lair:5   | Reached ** piety under Okawaru
 11600 | Lair:5   | 11600 ||| Stepping ~*~*~tactically~*~*~ (stealth).
 11602 | Lair:5   | 11602 ||| INVOKING Heroism.
 11620 | Lair:5   | 11620 ||| Stepping ~*~*~tactically~*~*~ (stealth).
 11631 | Lair:5   | 11631 ||| INVOKING Heroism.
 11646 | Lair:5   | 11646 ||| Stepping ~*~*~tactically~*~*~ (stealth).
 11651 | Lair:5   | 11651 ||| Stepping ~*~*~tactically~*~*~ (stealth).
 11652 | Lair:5   | 11652 ||| Stepping ~*~*~tactically~*~*~ (stealth).
 11657 | Lair:5   | 11657 ||| INVOKING Heroism.
 11667 | Lair:5   | 11667 ||| Stepping ~*~*~tactically~*~*~ (stealth).
 11674 | Lair:5   | 11674 ||| Stepping ~*~*~tactically~*~*~ (stealth).
 11707 | Lair:5   | 11707 ||| INVOKING Heroism.
 11726 | Lair:5   | 11726 ||| Stepping ~*~*~tactically~*~*~ (hiding).
 11737 | Lair:5   | 11737 ||| Stepping ~*~*~tactically~*~*~ (stealth).
 11738 | Lair:5   | 11738 ||| Stepping ~*~*~tactically~*~*~ (stealth).
 11754 | Lair:5   | 11754 ||| INVOKING Heroism.
 11794 | Lair:5   | 11794 ||| Stepping ~*~*~tactically~*~*~ (stealth).
 11918 | Lair:5   | 11918 ||| Stepping ~*~*~tactically~*~*~ (stealth).
 11921 | Lair:5   | 11921 ||| INVOKING Heroism.
 11956 | Lair:5   | Reached *** piety under Okawaru
 11987 | Lair:5   | Reached skill level 20 in Unarmed Combat
 11999 | Lair:5   | Found a corrupted altar of Lugonu.
 12018 | Lair:5   | Identified the +11 sling of Watchfulness {freeze, rN+}
 12139 | Lair:5   | 12139 ||| PLANNING D:1-11
 12139 | Lair:5   | 12139 ||| DROPPING ring of protection from cold.
 12140 | Lair:5   | 12140 ||| READING scroll labelled RYCRYRPHEOB.
 12370 | D:8      | 12370 ||| Stepping ~*~*~tactically~*~*~ (outnumbered).
 12372 | D:8      | 12372 ||| Stepping ~*~*~tactically~*~*~ (outnumbered).
 12422 | D:9      | 12422 ||| STAIRDANCE
 12428 | D:9      | 12428 ||| STAIRDANCE
 12430 | D:8      | 12430 ||| Stepping ~*~*~tactically~*~*~ (outnumbered).
 12431 | D:8      | 12431 ||| Stepping ~*~*~tactically~*~*~ (outnumbered).
 12432 | D:8      | 12432 ||| Stepping ~*~*~tactically~*~*~ (outnumbered).
 12433 | D:8      | 12433 ||| Stepping ~*~*~tactically~*~*~ (outnumbered).
 12434 | D:8      | 12434 ||| Stepping ~*~*~tactically~*~*~ (outnumbered).
 12435 | D:8      | 12435 ||| Stepping ~*~*~tactically~*~*~ (outnumbered).
 12490 | D:9      | 12490 ||| Stepping ~*~*~tactically~*~*~ (stealth).
 12491 | D:9      | 12491 ||| Stepping ~*~*~tactically~*~*~ (stealth).
 12524 | D:9      | 12524 ||| INVOKING Heroism.
 12528 | D:9      | 12528 ||| Stepping ~*~*~tactically~*~*~ (stealth).
 12537 | D:9      | You fall into a shaft and drop 1 floor!
 12537 | D:10     | Entered Level 10 of the Dungeon
 12663 | D:10     | 12663 ||| Stepping ~*~*~tactically~*~*~ (stealth).
 12771 | D:10     | 12771 ||| Stepping ~*~*~tactically~*~*~ (stealth).
 12773 | D:10     | 12773 ||| Stepping ~*~*~tactically~*~*~ (stealth).
 12780 | D:10     | 12780 ||| Stepping ~*~*~tactically~*~*~ (outnumbered).
 12781 | D:10     | 12781 ||| Stepping ~*~*~tactically~*~*~ (stealth).
 12785 | D:10     | 12785 ||| INVOKING Heroism.
 12786 | D:10     | 12786 ||| Stepping ~*~*~tactically~*~*~ (outnumbered).
 12793 | D:10     | Reached XP level 14. HP: 140/140 MP: 13/16
 12932 | D:9      | 12932 ||| Stepping ~*~*~tactically~*~*~ (stealth).
 12937 | D:9      | 12937 ||| INVOKING Heroism.
 12938 | D:9      | 12938 ||| Stepping ~*~*~tactically~*~*~ (outnumbered).
 12970 | D:9      | 12970 ||| Stepping ~*~*~tactically~*~*~ (hiding).
 12973 | D:9      | 12973 ||| Stepping ~*~*~tactically~*~*~ (hiding).
 13021 | D:9      | 13021 ||| INVOKING Heroism.
 13052 | D:9      | 13052 ||| Stepping ~*~*~tactically~*~*~ (stealth).
 13054 | D:9      | 13054 ||| Stepping ~*~*~tactically~*~*~ (stealth).
 13058 | D:9      | 13058 ||| Stepping ~*~*~tactically~*~*~ (stealth).
 13070 | D:9      | 13070 ||| Stepping ~*~*~tactically~*~*~ (hiding).
 13096 | D:9      | 13096 ||| Stepping ~*~*~tactically~*~*~ (stealth).
 13097 | D:9      | 13097 ||| Stepping ~*~*~tactically~*~*~ (stealth).
 13130 | D:9      | 13130 ||| Stepping ~*~*~tactically~*~*~ (stealth).
 13144 | D:9      | 13144 ||| Stepping ~*~*~tactically~*~*~ (stealth).
 13146 | D:9      | 13146 ||| Stepping ~*~*~tactically~*~*~ (stealth).
 13227 | D:9      | Found a staircase to the Orcish Mines.
 13228 | D:9      | 13228 ||| Stepping ~*~*~tactically~*~*~ (stealth).
 13229 | D:9      | 13229 ||| INVOKING Heroism.
 13234 | D:9      | 13234 ||| Stepping ~*~*~tactically~*~*~ (outnumbered).
 13236 | D:9      | 13236 ||| Stepping ~*~*~tactically~*~*~ (outnumbered).
 13238 | D:9      | 13238 ||| Stepping ~*~*~tactically~*~*~ (outnumbered).
 13240 | D:9      | 13240 ||| Stepping ~*~*~tactically~*~*~ (outnumbered).
 13242 | D:9      | 13242 ||| Stepping ~*~*~tactically~*~*~ (outnumbered).
 13244 | D:9      | 13244 ||| Stepping ~*~*~tactically~*~*~ (outnumbered).
 13246 | D:9      | 13246 ||| INVOKING Heroism.
 13247 | D:9      | 13247 ||| Stepping ~*~*~tactically~*~*~ (outnumbered).
 13249 | D:9      | 13249 ||| Stepping ~*~*~tactically~*~*~ (outnumbered).
 13251 | D:9      | 13251 ||| Stepping ~*~*~tactically~*~*~ (outnumbered).
 13253 | D:9      | 13253 ||| Stepping ~*~*~tactically~*~*~ (outnumbered).
 13255 | D:9      | 13255 ||| Stepping ~*~*~tactically~*~*~ (outnumbered).
 13257 | D:9      | 13257 ||| Stepping ~*~*~tactically~*~*~ (outnumbered).
 13259 | D:9      | 13259 ||| Stepping ~*~*~tactically~*~*~ (outnumbered).
 13261 | D:9      | 13261 ||| Stepping ~*~*~tactically~*~*~ (outnumbered).
 13263 | D:9      | 13263 ||| Stepping ~*~*~tactically~*~*~ (outnumbered).
 13265 | D:9      | 13265 ||| Stepping ~*~*~tactically~*~*~ (outnumbered).
 13267 | D:9      | 13267 ||| Stepping ~*~*~tactically~*~*~ (outnumbered).
 13268 | D:9      | HP: 29/140 [gnoll sergeant/+0 spear (9)]
 13269 | D:9      | 13269 ||| READING 6 scrolls of teleportation.
 13270 | D:9      | 13270 ||| DRINKING 3 potions of heal wounds.
 13271 | D:9      | 13271 ||| Stepping ~*~*~tactically~*~*~ (outnumbered).
 13272 | D:9      | 13272 ||| INVOKING Heroism.
 13382 | D:9      | 13382 ||| Stepping ~*~*~tactically~*~*~ (stealth).
 13385 | D:9      | 13385 ||| INVOKING Heroism.
 13394 | D:9      | 13394 ||| Stepping ~*~*~tactically~*~*~ (outnumbered).
 13398 | D:9      | 13398 ||| Stepping ~*~*~tactically~*~*~ (outnumbered).
 13402 | D:9      | 13402 ||| Stepping ~*~*~tactically~*~*~ (outnumbered).
 13439 | D:9      | 13439 ||| FLEEEEING.
 13440 | D:9      | 13440 ||| FLEEEEING.
 13441 | D:9      | 13441 ||| FLEEEEING.
 13444 | D:9      | 13444 ||| FLEEEEING.
 13445 | D:9      | 13445 ||| FLEEEEING.
 13446 | D:9      | 13446 ||| FLEEEEING.
 13447 | D:9      | 13447 ||| FLEEEEING.
 13448 | D:9      | 13448 ||| FLEEEEING.
 13453 | D:9      | 13453 ||| FLEEEEING.
 13454 | D:9      | 13454 ||| FLEEEEING.
 13455 | D:9      | 13455 ||| FLEEEEING.
 13456 | D:9      | 13456 ||| FLEEEEING.
 13457 | D:9      | 13457 ||| FLEEEEING.
 13458 | D:9      | 13458 ||| FLEEEEING.
 13459 | D:9      | 13459 ||| FLEEEEING.
 13460 | D:9      | 13460 ||| FLEEEEING.
 13464 | D:9      | 13464 ||| FLEEEEING.
 13465 | D:9      | 13465 ||| FLEEEEING.
 13466 | D:9      | 13466 ||| FLEEEEING.
 13467 | D:9      | 13467 ||| STAIRDANCE
 13552 | D:9      | 13552 ||| INVOKING Heroism.
 13554 | D:9      | 13554 ||| Stepping ~*~*~tactically~*~*~ (outnumbered).
 13558 | D:9      | 13558 ||| Stepping ~*~*~tactically~*~*~ (outnumbered).
 13567 | D:9      | 13567 ||| DRINKING 4 potions of curing.
 13567 | D:9      | 13567 ||| (to cure confusion)
 13568 | D:9      | 13568 ||| DRINKING 3 potions of curing.
 13568 | D:9      | 13568 ||| (to cure confusion)
 13594 | D:9      | 13594 ||| INVOKING Heroism.
 13714 | D:9      | 13714 ||| UPGRADING to +0 kite shield.
 13719 | D:9      | 13719 ||| READING scroll labelled QITAOD FASEE.
 13719 | D:9      | Identified a scroll of acquirement
 13719 | D:9      | 13719 ||| ACQUIRING +8 gold dragon scales of Pride {Fly
                  | rPois rF+ rC+ rCorr Str+4}
 13719 | D:9      | Acquired the +8 gold dragon scales of Pride {Fly rPois rF+
                  | rC+ rCorr Str+4}
 13721 | D:9      | 13721 ||| UPGRADING to +8 gold dragon scales of Pride {Fly
                  | rPois rF+ rC+ rCorr Str+4}.
 13731 | D:9      | 13731 ||| DROPPING +2 swamp dragon scales.
 13849 | D:10     | Reached skill level 1 in Shields
 13974 | D:10     | 13974 ||| Stepping ~*~*~tactically~*~*~ (hiding).
 13976 | D:10     | 13976 ||| Stepping ~*~*~tactically~*~*~ (hiding).
 13981 | D:10     | 13981 ||| Stepping ~*~*~tactically~*~*~ (hiding).
 14015 | D:10     | Found a white marble altar of Elyvilon.
 14078 | D:10     | Found an opulent altar of Gozag.
 14515 | D:11     | 14515 ||| STAIRDANCE
 14520 | D:11     | 14520 ||| INVOKING Heroism.
 14521 | D:11     | 14521 ||| Stepping ~*~*~tactically~*~*~ (outnumbered).
 14521 | D:11     | HP: 32/140 [eight-headed hydra[Ignis] (23)]
 14522 | D:11     | 14522 ||| READING 5 scrolls of teleportation.
 14522 | D:11     | HP: 3/140 [eight-headed hydra[Ignis] (23)]
 14522 | D:11     | Mangled by an eight-headed hydra

Levels and vault maps discovered:
D:1:      nagdon_arrival_zigzag_paths, layout_basic, minmay_gold_behind_fungi,
          chequers_mini_garden, nicolae_figureground_sparkle
D:2:      layout_rooms, serial_shops, nicolae_shop_stone,
          chequers_ecumenical_altar_simple_redux, uniq_natasha
D:3:      layout_loops_ring, minmay_distorted
D:4:      layout_gridville, gammafunk_temple_overflow_arena,
          mainiacjoe_overflow_boulevard, gammafunk_ghost_abyssal_escape
D:5:      layout_loops_corners, uniq_pikel
D:6:      layout_rooms, mainiacjoe_overflow_six_doors_small, serial_shops, shop
D:7:      layout_loops_ring, mainiacjoe_overflow_tiny_flanked,
          minmay_temple_entry_fiery, uniq_maggie
D:8:      layout_basic, lair_entry_dummy, uniq_grum, uniq_prince_ribbit1,
          uniq_amaemon
D:9:      layout_roguey [special_room_orc],
          kennysheep_orc_monster_closet_entryway, mrwooster_statue_mirror
D:10:     layout_grid_maze, kennysheep_mini_moat, lemuel_crystal_altar,
          serial_glass, glass_columns_a, glass_columns_a
D:11:     layout_small_grid
Temple:   eino_wide_crystal_templ
Lair:1:   layout_chaotic_city, nicolae_lair_lil_pond, uniq_urug
Lair:2:   layout_hall_layers, minmay_shoals_entry_hut,
          guppyfry_snake_entry_garden
Lair:3:   layout_cave_pods, basic_altar, cheibrodos_lair_reptile_den,
          grunt_megastairs_3
Lair:4:   layout_concentric_octagons, nicolae_slime_entry_slimehenge
Lair:5:   hellmonk_lair_end_abyssal_woods, layout_cave_shapes,
          gammafunk_ghost_wrathful_warriors, cheibrodos_lair_lostbears

Skill      XL: |  1  2  3  4  5  6  7  8  9 10 11 12 13 14 |
---------------+-------------------------------------------+-----
Unarmed Combat | 4 5 6 7 9 10 12 14 16 18 20 | 20.4
Throwing       | 1 2 3 4 5 |  5.6
Fighting       | 4 5 6 7 8 9 |  9.0
Dodging        | 1 2 |  2.2
Armour         | 2 3 4 |  4.0
Invocations    | 4 |  4.0
Shields        | 1 |  1.4
Spellcasting   | |  1.0
Fire Magic     | |  2.1

Action                   |  1- 3 |  4- 6 |  7- 9 | 10-12 | 13-15 || total
-------------------------+-------+-------+-------+-------+-------++-------
Melee: Unarmed           |    67 |   124 |   166 |   376 |   359 ||  1092
       Punch             |     3 |     6 |     7 |    27 |    37 ||    80
Throw: Javelin           |       |    39 |    31 |    80 |    24 ||   174
       Boomerang         |       |       |       |    59 |    85 ||   144
Invok: Fiery Armour      |       |       |     3 |     8 |     1 ||    12
       Heroism           |       |       |       |       |    24 ||    24
  Use: Scroll            |     2 |     8 |    11 |     4 |     4 ||    29
       Potion            |     1 |     3 |       |     1 |     4 ||     9
 Stab: Distracted        |       |       |       |       |     3 ||     3
Armor: Robe              |    29 |    26 |    37 |       |       ||    92
       Swamp dragon scal |       |       |    13 |   120 |   110 ||   243
       Gold dragon scale |       |       |       |       |    13 ||    13
Dodge: Dodged            |    32 |    38 |    58 |   151 |   173 ||   452
Block: Other             |       |    12 |    33 |    52 |    59 ||   156
       Reflection        |       |     2 |     6 |       |       ||     8
       Kite shield       |       |       |       |       |    14 ||    14

Table legend:
 A = Non-vault XP
 B = Vault XP
 C = Vault XP percentage of total XP
 D = Non-vault monster count
 E = Vault monster count
 F = Vault count percentage of total count
                 A         B        C        D         E       F
            +---------+---------+-------+---------+---------+-------
      Total |   49708 |   21651 |  30.3 |     331 |     113 |  25.5
            +---------+---------+-------+---------+---------+-------
        D:1 |      24 |       0 |   0.0 |      15 |       0 |   0.0
        D:2 |     254 |      35 |  12.1 |       9 |       1 |  10.0
        D:3 |      40 |       4 |   9.1 |      16 |       1 |   5.9
        D:4 |     244 |       0 |   0.0 |      27 |       0 |   0.0
        D:5 |     348 |     663 |  65.6 |       7 |       1 |  12.5
        D:6 |     661 |       0 |   0.0 |      26 |       0 |   0.0
        D:7 |    1410 |     376 |  21.1 |      18 |       1 |   5.3
        D:8 |    1668 |    1903 |  53.3 |      27 |       6 |  18.2
        D:9 |    3548 |    2313 |  39.5 |      29 |      45 |  60.8
       D:10 |    2775 |       0 |   0.0 |      20 |       0 |   0.0
     Lair:1 |    3854 |     798 |  17.2 |      12 |       1 |   7.7
     Lair:2 |    8613 |     573 |   6.2 |      34 |       3 |   8.1
     Lair:3 |    7757 |     807 |   9.4 |      32 |       2 |   5.9
     Lair:4 |    4920 |     260 |   5.0 |      28 |       6 |  17.6
     Lair:5 |   13592 |   13919 |  50.6 |      31 |      46 |  59.7
            +---------+---------+-------+---------+---------+-------
